 Dungeon Crawl Stone Soup version 0.29.1-15-g9cfb28693d (webtiles) character file.

Game seed: 5666966945389996906

81 croobank the Poker (level 4, 0/37 HPs)
             Began as a Merfolk Chaos Knight on May 1, 2023.
             Was a Plaything of Xom.
             Killed by divine providence
             ... invoked by an orc priest
              (17 damage)
             ... on level 3 of the Dungeon.
             The game lasted 00:05:03 (1381 turns).

croobank the Poker (Merfolk Chaos Knight)           Turns: 1381, Time: 00:05:03

Health: 0/37       AC: 10    Str: 14    XL:     4   Next: 40%
Magic:  4/4        EV: 12    Int: 11    God:    Xom [.....*]
Gold:   111        SH:  0    Dex: 13    Spells: 3/3 levels left

rFire   . . .      SeeInvis +   a - +0 spear (chaos)
rCold   . . .      Faith    .   (no shield)
rNeg    . . .      Spirit   .   b - +2 leather armour
rPois   .          Reflect  .   n - +2 helmet {SInv}
rElec   .          Harm     .   (no cloak)
rCorr   .          Rampage  .   (no gloves)
Will    .....                   d - +1 pair of boots
Stlth   +.........              (no amulet)
HPRegen 0.12/turn               (no ring)
MPRegen 0.09/turn               (no ring)

@: no status effects
A: (nimble swimmer 2), mertail
a: Renounce Religion


You were on level 3 of the Dungeon.
You worshipped Xom.
You were Xom's teddy bear.
You visited 1 branch of the dungeon, and saw 3 of its levels.

You collected 111 gold pieces.

Inventory:

Hand Weapons
 a - a +0 spear of chaos (weapon)
 e - a +0 dagger of flaming
 h - a +1 falchion of draining
Missiles
 g - 3 poisoned darts
Armour
 b - a +2 leather armour (worn)
 d - a +1 pair of boots (worn)
 n - a +2 helmet of see invisible (worn)
Magical Staves
 f - a staff of poison
Scrolls
 m - a scroll of fog
Potions
 i - a potion of curing
 j - a potion of degeneration {unknown}
 k - a potion of haste {unknown}
 l - a potion of heal wounds {unknown}
 o - a potion of mutation {unknown}
Miscellaneous
 c - a piece from Xom's chessboard (14/15) (quivered)


   Skills:
 + Level 3.9 Fighting
 + Level 4.8 Polearms
 + Level 1.5 Armour
 + Level 3.7 Dodging


You had 3 spell levels left.
You didn't know any spells.
Your spell library contained the following spells:

 Spells                   Type           Power      Damage    Failure   Level
 Call Canine Familiar     Summ           0%         N/A       78%         3
 Portal Projectile        Hex/Tloc       0%         N/A       78%         3
 Leda's Liquefaction      Hex/Erth       0%         N/A       99%         4
 Chain Lightning          Conj/Air       0%         N/A       100%        9
 Fire Storm               Conj/Fire      0%         5d1       100%        9
 Shatter                  Erth           0%         3d5*      100%        9


Dungeon Overview and Level Annotations

Branches:
Dungeon (3/15)

Altars:
Wu Jian


Innate Abilities, Weirdness & Mutations

((You are very nimble when in or above water. (Stealth+, EV+, Speed+++)))
Your lower body shifts to a powerful aquatic tail in water.


Message History

The orc priest looks braver for a moment.
You barely miss the orc priest.
The orc priest is moderately wounded.
The orc priest hits you but does no damage.
You closely miss the orc priest.
The orc priest is moderately wounded.
The orc priest hits you with a +0 flail!
* * * LOW HITPOINT WARNING * * *
You closely miss the orc priest.
The orc priest is moderately wounded.
The orc priest completely misses you.
You hit the orc priest but do no damage.
The orc priest is moderately wounded.
You swap places.
Your bat zombie misses the orc priest.
Your bat zombie hits the orc priest but does no damage.
The orc priest hits your bat zombie with a +0 flail!
Your bat zombie is destroyed!
Reach: a) +0 spear (chaos)
Press: ? - help, Dir - move target, f - orc priest
Aim: an orc priest, wielding a +0 flail and wearing a +0 leather armour (moderately wounded, about 37% to evade your +0 spear of chaos)
You reach to attack!
You hit the orc priest.
The orc priest is heavily wounded.
Reach: a) +0 spear (chaos)
Press: ? - help, Dir - move target, f/p - orc priest
Aim: an orc priest, wielding a +0 flail and wearing a +0 leather armour (heavily wounded, about 37% to evade your +0 spear of chaos)
You hit the orc priest.
The orc priest is heavily wounded.
The orc priest hits you with a +0 flail.
* * * LOW HITPOINT WARNING * * *
It was a potion of curing.
You feel better.
Xom thinks this is hilarious!
The orc priest barely misses you.
Non-targeted evoke: piece from Xom's chessboard (15/15)
Press: ? - help, Q - select action, (/) - cycle Dir - look around, f - activate Look: an orc priest, wielding a +0 flail and wearing a +0 leather armour (heavily wounded)
You make a move on Xom's chessboard...
The orc priest resists with some effort.
The orc priest invokes the aid of Beogh against you.
Beogh smites you!
You die...

#..#####.##.####
###.#
##.##.......# .#
#.##.##.#### #
#.##.##.#
#.......#
####..####.#
#.......#
#.########
#.@ooB...#
######...# .#


You could see an orc priest, an orc and a giant cockroach.

Vanquished Creatures
  An orc wizard (D:2)
  A worm (D:2)
  3 dart slugs (D:2)
  3 orcs
  4 endoplasms
  3 giant cockroaches
  4 goblins
  7 kobolds
  A quokka (D:1)
  2 ball pythons
  3 bats
  3 frilled lizards
  7 rats
  A spectral goblin (D:1)
43 creatures vanquished.

Vanquished Creatures (collateral kills)
  A rat (D:3)
1 creature vanquished.

Vanquished Creatures (others)
  A bat zombie (D:3)
1 creature vanquished.

Grand Total: 45 creatures vanquished

Notes
Turn   | Place    | Note
-------+----------+-------------------------------------------
     0 | D:1      | croobank the Merfolk Chaos Knight began the quest for the
                  | Orb.
     0 | D:1      | Reached XP level 1. HP: 18/18 MP: 1/1
    92 | D:1      | Reached XP level 2. HP: 16/24 MP: 2/2
   355 | D:1      | Found a faded altar of an unknown god.
   426 | D:1      | Reached skill level 1 in Armour
   640 | D:1      | XOM: divination: detect creatures
   792 | D:2      | Found an ornate altar of the Wu Jian Council.
   796 | D:2      | Reached XP level 3. HP: 29/29 MP: 3/3
   910 | D:2      | Reached XP level 4. HP: 37/37 MP: 4/4
   963 | D:2      | XOM: divination: magic mapping
  1381 | D:3      | Killed from afar by an orc priest

Illustrated notes

Levels and vault maps discovered:
D:1:      dpeg_arrival_shrine, layout_loops_ring,
          dreamdust_ecumenical_altar_drowned_temple
D:2:      minmay_inner_zag, layout_basic, basic_altar, serial_bayou_pond_e
D:3:      layout_loops_cross, slow_altar_2, tgw_kikubaaqudgha,
          dreamdust_princess_bridge

Skill      XL: |  1  2 |
---------------+-------+-----
Dodging        | 3 |  3.7
Armour         | 1 |  1.5
Fighting       | |  3.9
Polearms       | |  4.8

Action                   |  1- 3 |  4- 6 || total
-------------------------+-------+-------++-------
Melee: Spear             |   111 |    36 ||   147
Evoke: Piece from Xom's  |       |     1 ||     1
  Use: Scroll            |     1 |     2 ||     3
       Potion            |       |     1 ||     1
 Stab: Sleeping          |       |     1 ||     1
Armor: Leather armour    |    31 |     6 ||    37
Dodge: Dodged            |    39 |     8 ||    47
